 Dungeon Crawl Stone Soup version 0.30-a0-715-gdb4ae3ece1 (webtiles) character file.

Game seed: 5340926050322836965

121 testman the Trooper (level 5, -7/40 HPs)
             Began as a Djinni Warper on Jan 24, 2023.
             Was a High Priest of Ignis.
             Killed from afar by a white imp (10 damage)
             ... with a puff of frost
             ... summoned by Natasha
             ... on level 2 of the Dungeon.
             The game lasted 00:04:54 (1416 turns).

testman the Trooper (Djinni Warper)                 Turns: 1416, Time: 00:04:55

Health: -7/40      AC:  3    Str: 10    XL:     5   Next: 26%
Gold:   132        EV: 11    Int: 17    God:    Ignis [*****.] SH:  0 Dex: 12

rFire   + + +      SeeInvis .    a - +0 falchion
rCold   x . .      Faith    .    (no shield)
rNeg    . . .      Spirit   .    b - +0 leather armour
rPois   ∞          Reflect  .    (no helmet)
rElec   .          Harm     .    (no cloak)
rCorr   .          Rampage  .    (no gloves)
Will    .....                    (boots unavailable)
Stlth   +                        i - amulet of the acrobat
HPRegen 0.26/turn                (no ring)
MPRegen 0.00/turn                (no ring)

@: flying, very slightly contaminated, slowed, very slow
A: sickness immunity, fire resistance 2, cold vulnerability 1, float, innate
caster, HP casting, extra vitality 1
a: Renounce Religion, Fiery Armour, Foxfire Swarm, Rising Flame


You were on level 2 of the Dungeon.
You worshipped Ignis.
Ignis was extremely pleased with you.
You visited 1 branch of the dungeon, and saw 2 of its levels.

You collected 132 gold pieces.

Inventory:

Hand Weapons
 a - a +0 falchion (weapon)
Missiles
 d - 7 boomerangs of dispersal
 e - 2 throwing nets
Armour
 b - a +0 leather armour (worn)
Jewellery
 i - an amulet of the acrobat (around neck)
Scrolls
 c - a scroll of blinking
 f - 3 scrolls of identify {unknown}
 g - 2 scrolls of teleportation {unknown}
 h - a scroll of amnesia {unknown}
 k - a scroll of torment {unknown}
 m - a scroll of magic mapping {unknown}
 n - a scroll of fear {unknown}
Potions
 j - 2 potions of degeneration {unknown}
 l - 2 potions of curing {unknown}
 o - a potion of lignification {unknown}


   Skills:
 + Level 3.2 Fighting
 + Level 3.0 Long Blades
 - Level 0.7 Throwing
 - Level 1.0 Armour
 - Level 2.1 Dodging
 + Level 3.1 Spellcasting


You couldn't memorise any spells.
You knew the following spells:

 Your Spells              Type           Power      Damage    Failure   Level
a - Blink                 Tloc           26%        N/A       10%         2
b - Lesser Beckoning      Tloc           26%        N/A       10%         2
c - Vhi's Electric Charg  Tloc/Air       26%        N/A       19%         3
d - Teleport Other        Tloc           13%        N/A       19%         3
e - Manifold Assault      Tloc           13%        N/A       54%         4
f - Shock                 Conj/Air       52%        1d6       6%          1
g - Wereblood             Tmut           13%        N/A       10%         2
Your spell library was empty.

Dungeon Overview and Level Annotations

Branches:
Dungeon (2/15)

Altars:
Ignis

Annotations:
D:2 Natasha


Innate Abilities, Weirdness & Mutations

You are immune to sickness and miasma.
You are immune to poison.
Your flesh is very heat resistant. (rF++)
You are vulnerable to cold. (rC-)
You float through the air rather than walking.
You learn spells naturally, not from books.
Your magical power is your life essence.
You have superior vitality. (+4 MHP)


Message History

Natasha is lightly wounded.
Natasha claws you. Natasha barely misses you.
You closely miss Natasha.
Natasha howls an incantation.
Natasha shimmers violently.
Natasha barely misses you.
Natasha casts a spell.
You barely miss Natasha. Natasha casts a spell at you. The magic dart hits you.
The white imp completely misses you.
Your magical contamination has completely faded away.
You hit Natasha.
Natasha is lightly wounded.
Natasha barely misses you. The white imp misses you. Natasha barely misses you.
The white imp hits you but does no damage.
Natasha completely misses you. Natasha closely misses you.
The white imp completely misses you. The white imp attacks as you move away!
The white imp completely misses you.
Aiming: Shock (safe; 6% risk of failure)
Press: ? - help, Q - select action, (/) - cycle Shift-Dir - straight line The zap misses Natasha.
The zap hits Natasha.
Natasha is lightly wounded.
Natasha barely misses you. The white imp puffs mist at you.
The white imp gestures at you. The puff of frost hits you!
You feel a terrible chill!
* * * LOW HITPOINT WARNING * * *
Natasha closely misses you. The white imp barely misses you.
Aiming: Shock (safe; 6% risk of failure)
Press: ? - help, Q - select action, (/) - cycle Shift-Dir - straight line You miscast Shock.
You are very lightly contaminated with residual magic.
Nothing appears to happen.
* * * LOW HITPOINT WARNING * * *
Natasha stares at you and mumbles some strange words.
The magic dart hits you!
* * * LOW HITPOINT WARNING * * *
The white imp gestures at you. The puff of frost hits you!
You feel a terrible chill!
You die...

# ##### .#
#...###########.#
#####...............#
......>..........?..#
................@...#
.....[..........h5..#
....................#
...#.#..............#
........###+#.###+#.#
............#... .#
.####...#####.... #
........# #####
..###..##


You could see Natasha and a white imp (summoned).

Vanquished Creatures
  A scorpion (D:2)
  An adder (D:2)
  A worm (D:2)
  12 ball pythons
  7 bats
  2 endoplasms (D:2)
  2 giant cockroaches (D:1)
  4 goblins
  5 hobgoblins
  3 quokkas
  2 frilled lizards
  5 kobolds (D:2)
  3 rats (D:1)
48 creatures vanquished.

Notes
Turn   | Place    | Note
-------+----------+-------------------------------------------
     0 | D:1      | testman the Djinni Warper began the quest for the Orb.
     0 | D:1      | testman set off with the following spells memorised: Blink,
                  | Lesser Beckoning, Vhi's Electric Charge, Teleport Other,
                  | Manifold Assault.
     0 | D:1      | Reached XP level 1. HP: 18/18 MP: 0/0
   166 | D:1      | Reached XP level 2. HP: 19/23 MP: 0/0
   425 | D:1      | Found a faded altar of an unknown god.
   440 | D:1      | Prayed at the altar of an unknown god.
   440 | D:1      | Became a worshipper of Ignis, the Dying Flame
   454 | D:1      | Reached XP level 3. HP: 29/29 MP: 0/0
   454 | D:1      | Learned a level 1 spell: Shock
  1139 | D:2      | Reached XP level 4. HP: 31/34 MP: 0/0
  1239 | D:2      | Noticed a scorpion
  1249 | D:2      | Killed a scorpion
  1250 | D:2      | Reached XP level 5. HP: 34/40 MP: 0/0
  1250 | D:2      | Learned a level 2 spell: Wereblood
  1404 | D:2      | Noticed Natasha
  1416 | D:2      | Killed from afar by a white imp

Illustrated notes

Levels and vault maps discovered:
D:1:      elethiomel_arrival_infinity_welcomes_careful_drivers, layout_basic,
          hellmonk_ecumenical_altar_lost_god
D:2:      layout_basic, minmay_pentomino_r2, uniq_jessica, uniq_natasha

Skill      XL: |  1  2  3  4 |
---------------+-------------+-----
Long Blades    | 2 3 |  3.0
Fighting       | 3 |  3.2
Spellcasting   | 3 |  3.1
Throwing       | |  0.7
Armour         | |  1.0
Dodging        | |  2.1

Action                     |  1- 3 |  4- 6 || total
---------------------------+-------+-------++-------
  Melee: Falchion          |    89 |    15 ||   104
   Cast: Shock             |    32 |    25 ||    57
         Wereblood         |       |     1 ||     1
 Armour: Leather armour    |    23 |     5 ||    28
  Dodge: Dodged            |    56 |    23 ||    79

Table legend: (Time is in decaauts)
 A = Elapsed time spent in this place.
 B = Non-inter-level travel time spent in this place.
 C = Inter-level travel time spent in this place.
 D = Time resting spent in this place.
 E = Time spent auto-exploring this place.
 F = Levels seen in this place.
 G = Mean time per level.
                   A        B        C        D        E       F      G
               +--------+--------+--------+--------+--------+-----+--------+
         Total |   1439 |   1417 |     22 |      0 |   1093 |   2 |  719.5 |
       Dungeon |   1439 |   1417 |     22 |      0 |   1093 |   2 |  719.5 |
               +--------+--------+--------+--------+--------+-----+--------+

Top non-repeatable levels by time:
     D:1: 956 daAuts
     D:2: 483 daAuts
